 Dungeon Crawl Stone Soup version 0.23.2-1-ga50397a (webtiles) character file.

Game seed: 6482702530659258564

3247 myga the Basher (level 9, 0/118 HPs)
             Began as a Minotaur Fighter on May 13, 2019.
             Was a Believer of Trog.
             Slain by a cyan ugly thing (17 damage)
             ... on level 8 of the Dungeon.
             The game lasted 00:28:48 (6502 turns).

myga the Basher (Minotaur Fighter)                  Turns: 6502, Time: 00:28:49

Health: 0/118      AC: 13    Str: 32    XL:     9   Next: 67%
Magic:  17/17      EV: 10    Int:  5    God:    Trog [**....]
Gold:   331        SH: 15    Dex: 13    Spells: 8/8 levels left

rFire    . . .     SeeInvis .   a - +1 flail
rCold    . . .     Gourm    .   c - +0 shield
rNeg     . . .     Faith    .   z - +1 scale mail "Xaufis" {Str+4} (curse)
rPois    .         Spirit   .   (helmet restricted)
rElec    .         Reflect  +   J - +2 cloak
rCorr    .         Harm     .   l - +0 pair of gloves
MR       .....                  (no boots)
Stlth    ..........             h - +3 amulet of reflection
HPRegen  0.29/turn              e - +2 ring of strength
MPRegen  0.15/turn              M - ring of magical power

@: mighty, berserking, very quick
A: retaliatory headbutt, horns 2
a: Berserk, Trog's Hand, Renounce Religion


You were on level 8 of the Dungeon.
You worshipped Trog.
Trog was pleased with you.
You were hungry.

You visited 2 branches of the dungeon, and saw 9 of its levels.

You collected 331 gold pieces.

Inventory:

Hand Weapons
 a - a +1 flail (weapon)
 L - a +0 broad axe
Missiles
 k - 140 stones (quivered)
 t - 4 javelins
 u - 18 tomahawks
 I - 4 tomahawks of dispersal
Armour
 c - a +0 shield (worn)
 l - a +0 pair of gloves (worn)
 x - a +4 ring mail
 z - the cursed +1 scale mail "Xaufis" (worn) {Str+4}
   (You found it on level 7 of the Dungeon)

   It affects your strength (+4).
   It has a curse placed upon it.
 A - a +0 plate armour
 J - a +2 cloak (worn)
Jewellery
 e - a +2 ring of strength (left hand)
 h - a +3 amulet of reflection (around neck)
 y - an uncursed amulet of harm
 M - a ring of magical power (right hand)
Wands
 w - a wand of flame (16)
 H - a wand of iceblast (15)
 O - a wand of digging (3)
Scrolls
 g - 8 scrolls of teleportation
 j - a scroll of blinking {unknown}
 o - a scroll of enchant weapon
 s - 2 scrolls of remove curse
 v - a scroll of amnesia {unknown}
 B - 2 scrolls of fear
 C - a scroll of magic mapping
 D - a scroll of torment
 F - a scroll of fog {unknown}
 G - a scroll of random uselessness {unknown}
Potions
 b - 2 potions of lignification
 d - a potion of might
 i - a potion of magic
 m - a potion of cancellation
 n - 3 potions of curing
 p - a potion of haste
 q - a potion of ambrosia {unknown}
 r - 2 potions of agility
 E - a potion of flight {unknown}
 N - a potion of mutation {unknown}
Comestibles
 f - 21 rations


   Skills:
 + Level 7.0 Fighting
 + Level 10.3 Maces & Flails
 + Level 3.9 Throwing
 + Level 7.9 Armour
 + Level 3.5 Dodging
 + Level 1.2 Stealth
 + Level 6.7 Shields


You had 8 spell levels left.
You didn't know any spells.
Your spell library was empty.

Dungeon Overview and Level Annotations

Branches:
Dungeon (8/15)             Temple (1/1) D:4            Lair (0/6) D:8

Altars:
Ashenzari
Cheibriados
Elyvilon
Fedhas
Gozag
Hepliaklqana
Kikubaaqudgha
Makhleb
Nemelex Xobeh
Okawaru
Qazlal
Ru
Sif Muna
Trog
Uskayaw
Vehumet
Wu Jian
Xom
Zin
The Shining One
Lugonu

Shops:
D:7 (   D:8 [

Annotations:
D:8 1 transporter


Innate Abilities, Weirdness & Mutations

You reflexively headbutt those who attack you in melee.
You have a pair of horns on your head.


Message History

* * * LOW HITPOINT WARNING * * *
You block something's attack. Something hits you.
* * * LOW HITPOINT WARNING * * *
A red film seems to cover your vision as you go berserk!
You feel yourself moving faster!
You feel mighty!
You are feeling hungry.
You block something's attack. Something hits you.
* * * LOW HITPOINT WARNING * * *
You sock the cyan ugly thing!
The cyan ugly thing is lightly wounded.
You bludgeon the cyan ugly thing!!
The cyan ugly thing is moderately wounded.
You block something's attack.
You sock the cyan ugly thing! You headbutt the cyan ugly thing!
The cyan ugly thing is severely wounded.
Something hits you but does no damage. The cyan ugly thing gores you.
* * * LOW HITPOINT WARNING * * *
The cyan ugly thing shocks you!
You die...

.# #
#...###...#####.#### .#
##...(...#### #..# .#
##./...###.# ##.# .#
#.._..# #.####.# .#
##.....###......# .#
##...©..u#######.# ## #
#...###.xx### #.# #
#....##©##x.u.# #.#
#..###...###@.# #.#
###..##...##©}#####.#
####.####.....####.....#
............### #.####.#
###########.# #.# #.#
..# #.#####.####.# #)#
#............#
#.###########...#(######
#.............#.#(# ###
#########


You could see 2 ugly things and 3 small abominations.

Vanquished Creatures
  Pikel (D:5)
  A hippogriff (D:7)
  A hungry ghost (D:7)
  2 orc warriors
  3 ice beasts (D:6)
  3 sky beasts
  A phantom (D:4)
  A slave (D:5)
  2 ogres
  3 centaurs
  Blork the orc (D:6)
  2 bullfrogs (D:8)
  A howler monkey (D:4)
  2 bullfrog zombies
  Crazy Yiuf (D:5)
  A centaur skeleton (D:4)
  3 hounds
  3 orc priests
  A bullfrog skeleton (D:6)
  Ijyb (D:5)
  3 iguanas
  4 orc wizards
  6 worker ants
  3 hound skeletons
  Robin (D:3)
  3 gnolls (D:4)
  8 adders
  2 shadow imps (D:5)
  7 worms
  2 dart slugs (D:3)
  3 leopard geckos
  24 orcs
  5 bats
  4 giant cockroaches
  7 hobgoblins
  5 quokkas
  A ball python (D:2)
  5 frilled lizards
  18 goblins
  A jackal skeleton (D:8)
  4 kobolds
  3 rats
  A fungus (D:5)
154 creatures vanquished.

Vanquished Creatures (others)
  A jelly (D:5)
  An orc priest (D:8)
2 creatures vanquished.

Grand Total: 156 creatures vanquished

Notes
Turn   | Place    | Note
-------+----------+-------------------------------------------
     0 | D:1      | myga the Minotaur Fighter began the quest for the Orb.
     0 | D:1      | Reached XP level 1. HP: 19/19 MP: 0/0
   152 | D:1      | Reached XP level 2. HP: 27/27 MP: 1/1
  1060 | D:2      | Reached XP level 3. HP: 33/33 MP: 2/2
  1320 | D:3      | Noticed Robin
  1323 | D:3      | Reached skill level 1 in Throwing
  1323 | D:3      | Reached XP level 4. HP: 38/41 MP: 3/3
  1348 | D:3      | Reached skill level 3 in Maces & Flails
  1372 | D:3      | Killed Robin
  1418 | D:3      | Noticed a sky beast
  1433 | D:3      | Killed a sky beast
  1433 | D:3      | Reached skill level 5 in Fighting
  1433 | D:3      | Reached XP level 5. HP: 37/48 MP: 4/4
  1532 | D:3      | Reached skill level 4 in Maces & Flails
  1760 | D:3      | Reached skill level 1 in Dodging
  1932 | D:3      | Found a faded altar of an unknown god.
  2126 | D:4      | Reached XP level 6. HP: 49/56 MP: 5/5
  2163 | D:4      | Found a burning altar of Makhleb.
  2226 | D:4      | Found a staircase to the Ecumenical Temple.
  2236 | Temple   | Entered the Ecumenical Temple
  2487 | Temple   | Became a worshipper of Trog the Wrathful
  2558 | D:4      | Found a stormy altar of Qazlal.
  2622 | D:4      | Reached skill level 5 in Maces & Flails
  2761 | D:4      | Got a polished helmet
  2781 | D:4      | Reached skill level 6 in Maces & Flails
  2813 | D:4      | Reached skill level 1 in Stealth
  2813 | D:4      | Reached XP level 7. HP: 61/61 MP: 6/6
  2967 | D:4      | Found a shattered altar of Ashenzari.
  3138 | D:5      | Entered Level 5 of the Dungeon
  3313 | D:5      | Noticed Pikel
  3331 | D:5      | Killed Pikel
  3331 | D:5      | Reached skill level 7 in Maces & Flails
  3331 | D:5      | Reached skill level 5 in Armour
  3331 | D:5      | Reached skill level 5 in Shields
  3331 | D:5      | Reached XP level 8. HP: 50/70 MP: 7/7
  3359 | D:5      | Noticed Ijyb
  3366 | D:5      | Killed Ijyb
  3538 | D:5      | Found a runed translucent door.
  3539 | D:5      | Noticed Crazy Yiuf
  3547 | D:5      | Killed Crazy Yiuf
  3765 | D:6      | Reached skill level 8 in Maces & Flails
  3852 | D:6      | Found a shimmering altar of Xom.
  4093 | D:6      | Found a white marble altar of Elyvilon.
  4115 | D:6      | Noticed Blork the orc
  4127 | D:6      | Killed Blork the orc
  4127 | D:6      | Reached * piety under Trog
  4949 | D:7      | Found an iron altar of Okawaru.
  4962 | D:7      | Reached skill level 9 in Maces & Flails
  5031 | D:7      | Got a faintly glowing scale mail
  5042 | D:7      | Identified the cursed +1 scale mail "Xaufis" {Str+4} (You
                  | found it on level 7 of the Dungeon)
  5084 | D:7      | Reached XP level 9. HP: 71/78 MP: 8/8
  5165 | D:7      | Found Intemm's Antique Weapon Shoppe.
  5240 | D:7      | Found a glowing golden altar of the Shining One.
  5751 | D:8      | Found a transporter.
  5751 | D:8      | Noticed a cyan ugly thing
  5752 | D:8      | Found a corrupted altar of Lugonu.
  5752 | D:8      | Noticed a white ugly thing
  5869 | D:8      | Reached skill level 10 in Maces & Flails
  5915 | D:8      | Reached ** piety under Trog
  6054 | D:8      | Found a staircase to the Lair.
  6144 | D:8      | Found a transporter.
  6385 | D:8      | Found Uneak's Antique Armour Boutique.
  6502 | D:8      | Slain by a cyan ugly thing

Skill      XL: |  1  2  3  4  5  6  7  8  9 |
---------------+----------------------------+-----
Shields        | 4 5 6 |  6.7
Fighting       | 4 5 6 7 |  7.0
Armour         | 4 5 6 7 |  7.9
Throwing       | 1 2 3 |  3.9
Maces & Flails | 3 4 6 7 9 10 | 10.3
Dodging        | 1 2 3 |  3.5
Stealth        | 1 |  1.2

Action                   |  1- 3 |  4- 6 |  7- 9 || total
-------------------------+-------+-------+-------++-------
Melee: Flail             |    73 |   129 |   260 ||   462
       Headbutt          |    14 |    28 |    47 ||    89
       Whip              |       |     8 |       ||     8
Throw: Stone             |    40 |    47 |    45 ||   132
       Tomahawk          |       |       |    11 ||    11
       Javelin           |       |       |     3 ||     3
Invok: Berserk           |       |       |     2 ||     2
  Use: Scroll            |     3 |     3 |     4 ||    10
       Potion            |       |       |     2 ||     2
  Eat: Chunk             |     1 |     5 |    13 ||    19
       Ration            |       |       |     1 ||     1
Armor: Scale mail        |    23 |    30 |    34 ||    87
       Ring mail         |       |    16 |    43 ||    59
Dodge: Dodged            |    15 |    25 |    58 ||    98
Block: Shield            |    33 |    53 |   129 ||   215
       Reflection        |       |       |     9 ||     9
